 Dungeon Crawl Stone Soup version 0.21-a0-504-g2eda330 (webtiles) character file.

47 slep the Poker (level 3, 0/20 HPs)
             Began as a Vine Stalker Monk on Nov 25, 2017.
             Slain by a bat (1 damage)
             ... on level 3 of the Dungeon.
             The game lasted 00:03:53 (791 turns).

slep the Poker (Vine Stalker Monk)                   Turns: 791, Time: 00:03:53

Health: 0/20       AC:  7    Str: 14    XL:     3   Next: 70%
Magic:  0/4        EV: 11    Int: 10    God:
Gold:   28         SH:  0    Dex: 16    Spells: 2/2 levels left

rFire    . . .     SeeInvis .   a - +0 spear
rCold    . . .     Gourm    .   (no shield)
rNeg     . . .     Faith    .   d - +0 ring mail
rPois    .         Spirit   +   m - +0 helmet
rElec    .         Reflect  .   (no cloak)
rCorr    .         Harm     .   (no gloves)
MR       .....                  g - +0 pair of boots
Stlth    ++........             (no amulet)
HPRegen  0.06/turn              (no ring)
MPRegen  0.09/turn              (no ring)

@: no status effects
A: fangs 2, magic shield, antimagic bite, no potion heal 3, rot immunity
a: no special abilities


You were on level 3 of the Dungeon.
You were not hungry.

You visited 1 branch of the dungeon, and saw 3 of its levels.

You collected 28 gold pieces.

Inventory:

Hand Weapons
 a - a +0 spear (weapon)
Armour
 b - a +0 robe
 d - a +0 ring mail (worn)
 g - a +0 pair of boots (worn)
 m - a +0 helmet (worn)
Wands
 p - a wand of paralysis (16)
Scrolls
 e - 3 scrolls of immolation {unknown}
 f - a scroll of teleportation {unknown}
 i - a scroll of blinking {unknown}
 j - a scroll of enchant weapon {unknown}
 k - a scroll of identify {unknown}
 l - a scroll of enchant armour {unknown}
Potions
 h - a potion of invisibility {unknown}
 n - a potion of ambrosia {unknown}
 o - a potion of flight {unknown}
Comestibles
 c - 2 bread rations


   Skills:
 + Level 3.1 Fighting
 + Level 3.3 Polearms
 + Level 2.5 Dodging
 + Level 3.0 Stealth


You had 2 spell levels left.
You didn't know any spells.

Dungeon Overview and Level Annotations

Branches:
Dungeon (3/15)

Altars:


Innate Abilities, Weirdness & Mutations

You have extremely sharp teeth.
When hurt, damage is shared between your health and your magic reserves.
Your bite disrupts and absorbs the magic of your enemies.
Potions cannot restore your health.
You are immune to rotting.


Message History

The adder is moderately wounded.
The bat hits you but does no damage. The adder bites you.
You closely miss the adder. Your bite misses the adder.
The adder is moderately wounded.
The bat hits you but does no damage. The adder barely misses you.
The gnoll barely misses you. The bat hits you but does no damage.
You barely miss the adder.
The adder is moderately wounded.
The bat hits you but does no damage. The adder bites you but does no damage.
The gnoll hits you from afar with a halberd.
You hit the adder. You bite the adder. You drain its power.
You feel invigorated.
The adder is almost dead.
The adder bites you but does no damage. The bat hits you but does no damage.
The gnoll hits you from afar with a halberd!
* * * LOW HITPOINT WARNING * * *
You closely miss the adder. You bite the adder, but do no damage.
The adder is almost dead.
The bat hits you.
You die...

.#...#. #. .#..... ..##
.....# #... .....#
#S#.##. ....##. #.....
....... #(.#.####g......
........ #.....S@.......>
.......###.....##b.......
#...#..#.......##........
#......#.#..............#
#........#...............
##......................#
#....[.>............#....
.......##......#....###..
.#.....##......#....#


You could see a gnoll, an adder and a bat.

Vanquished Creatures
  An adder (D:2)
  An ooze (D:2)
  A dart slug (D:2)
  3 leopard geckos
  6 bats
  3 giant cockroaches
  2 goblins
  5 hobgoblins
  A quokka (D:2)
  A frilled lizard (D:2)
  2 rats
26 creatures vanquished.

Notes
Turn   | Place    | Note
-------+----------+-------------------------------------------
     0 | D:1      | slep the Vine Stalker Monk began the quest for the Orb.
     0 | D:1      | Reached XP level 1. HP: 11/11 MP: 2/2
    82 | D:1      | Reached XP level 2. HP: 15/16 MP: 3/3
   304 | D:2      | Reached XP level 3. HP: 19/20 MP: 4/4
   790 | D:3      | HP: 1/20 [gnoll/halberd (8)]
   791 | D:3      | Slain by a bat

Vault maps used:
D:1:      roderic_chinese_lattice_arrival
D:2:      first_bread
D:3:      nicolae_overflow_crystal_walls

Skill      XL: |  1  2  3 |
---------------+----------+-----
Fighting       | 3 |  3.1
Polearms       | 3 |  3.3
Stealth        | 3 |  3.0
Dodging        | |  2.5

Action                   || total
-------------------------++-------
Melee: Spear             ||    96
       Bite              ||    24
  Use: Potion            ||     1
 Stab: Sleeping          ||     6
Armor: Ring mail         ||    40
Dodge: Dodged            ||    46

Table legend:
 A = Spawn XP
 B = Non-spawn XP
 C = Spawn XP percentage of total XP
 D = Spawn monster count
 E = Non-spawn monster count
 F = Spawn count percentage of total count
 G = Total turns spent on level
                    A         B        C        D         E        F      G
               +---------+---------+-------+---------+---------+-------+---------
         Total |       0 |      68 |   0.0 |       0 |      26 |   0.0 |   791
               +---------+---------+-------+---------+---------+-------+---------
           D:1 |       0 |      13 |   0.0 |       0 |       6 |   0.0 |   128
           D:2 |       0 |      47 |   0.0 |       0 |      15 |   0.0 |   608
           D:3 |       0 |       8 |   0.0 |       0 |       5 |   0.0 |    55
               +---------+---------+-------+---------+---------+-------+---------
